AoeStats
← _YuX_

Scandinavia

510293072Analyzed
1v1 RM · 2d ago on Sep 30, 2026· 42m 1s· 2 players
Game mode
Random Map
Map size
Tiny (2 player)
Population
200
Speed
Normal
Resources
Standard
Victory
Conquest
Starting age
Dark Age
Ending age
Imperial Age
RankedLock teamsTeams togetherTeam positionsShared explorationLock speedFull tech treeHidden civsTurbo modeCheats
Victory
Defeat
🇦🇷 Bengalis · Argentina
1415
+17
🇨🇳 Varangians · China
1428
-17
_YuX_
8:27 Loom
10:12 Feudal Age
12:04 Wheelbarrow
15:01 Castle Age
13:21 Double-Bit Axe
22:16 Horse Collar
23:00 Hand Cart
24:48 Bow Saw
28:38 Imperial Age
26:45 Fletching
27:46 Ballistics
27:23 Bodkin Arrow
29:07 Padded Archer Armor
30:22 Chemistry
29:16 Elite Elephant Archer
31:09 Bracer
33:55 Siege Elephant
35:04 Leather Archer Armor
41:09 Paiks
41:37 Ring Archer Armor
42:34 Bloodlines
确认过眼神
8:10 Loom
10:08 Feudal Age
10:59 Double-Bit Axe
16:17 Horse Collar
18:51 Castle Age
18:22 Bloodlines
18:55 Wheelbarrow
19:26 Scale Barding Armor
21:05 Bow Saw
23:08 Town Watch
28:02 Chain Barding Armor
28:05 Gold Mining
28:24 Husbandry
28:36 Forging
28:26 Fishing Lines
30:56 Iron Casting
31:14 Heavy Plow
35:29 Imperial Age
33:08 Fletching
33:19 Padded Archer Armor
34:34 Bodkin Arrow
34:55 Leather Archer Armor
34:53 Stone Mining
35:29 Ballistics
36:12 Hand Cart
35:57 Town Patrol
36:37 Stone Shaft Mining
36:13 Bracer
37:15 Chemistry
35:38 Elite Skirmisher
37:56 Ring Archer Armor
37:44 Light Cavalry
Connection lost

Rejoining the realm…

Still unreachable

The connection could not be restored.

Session expired

The server has moved on; the page needs a fresh start.